AoeStats
← Brerzerk718

Arena

510401655Analyzed
4v4 RM · 1d ago on Sep 30, 2026· 49m 28s· 8 players
Game mode
Random Map
Map size
Large (8 player)
Population
200
Speed
Normal
Resources
Standard
Victory
Conquest
Starting age
Dark Age
Ending age
Imperial Age
RankedLock teamsTeams togetherTeam positionsShared explorationLock speedFull tech treeHidden civsTurbo modeCheats
Victory
Defeat
🇷🇺 Bohemians · Russia
727
+15
🇫🇷 Spanish · France
683
+17
🇧🇴 Bohemians · Bolivia
669
+17
🇪🇬 Persians · Egypt
661
+18
🇧🇷 Vietnamese · Brazil
879
-24
🇧🇷 Britons · Brazil
722
-18
🇺🇸 Turks · United States
633
-14
🇧🇷 Jurchens · Brazil
564
-11
Zombyou
8:42 Loom
11:06 Feudal Age
11:32 Double-Bit Axe
12:10 Horse Collar
16:37 Gold Mining
22:20 Castle Age
24:17 Wheelbarrow
24:22 Padded Archer Armor
24:16 Elite Skirmisher
28:28 Leather Archer Armor
28:04 Fletching
29:57 Stone Mining
30:11 Heavy Plow
30:27 Bow Saw
32:43 Hand Cart
38:08 Imperial Age
40:26 Chemistry
39:48 Ballistics
39:39 Masonry
40:37 Bodkin Arrow
41:13 Ring Archer Armor
41:46 Two-Man Saw
40:38 Town Watch
49:27 Capped Ram
Noobburner
2:33 Loom
13:18 Feudal Age
14:48 Wheelbarrow
15:02 Horse Collar
15:11 Double-Bit Axe
22:11 Castle Age
24:11 Hand Cart
23:58 Heavy Plow
31:17 Bow Saw
32:42 Chemistry
32:56 Caravan
35:15 Ballistics
39:04 Imperial Age
39:41 Padded Archer Armor
39:32 Fletching
40:49 Conscription
40:35 Wagenburg Tactics
41:04 Leather Archer Armor
46:27 Two-Man Saw
46:41 Ring Archer Armor
46:07 Bodkin Arrow
46:18 Elite Skirmisher
47:34 Forging
47:29 Scale Barding Armor
46:57 Houfnice
47:49 Siege Engineers
48:18 Husbandry
47:38 Cavalier
Brerzerk718
0:35 Loom
13:38 Feudal Age
14:56 Wheelbarrow
15:41 Gold Mining
16:25 Double-Bit Axe
16:22 Horse Collar
21:08 Castle Age
20:11 Stone Mining
19:47 Man-at-Arms
22:44 Bow Saw
24:10 Hand Cart
26:05 Gold Shaft Mining
26:05 Stone Shaft Mining
26:21 Stone Shaft Mining
33:59 Heavy Plow
37:33 Imperial Age
38:07 Bloodlines
37:57 Husbandry
38:11 Forging
38:06 Scale Barding Armor
38:15 Elite War Elephant
39:17 Conscription
39:50 Crop Rotation
40:25 Two-Man Saw
41:34 Iron Casting
41:19 Chain Barding Armor
42:46 Plate Barding Armor
45:03 Blast Furnace
marcselo61280
0:48 Loom
12:24 Feudal Age
12:57 Double-Bit Axe
19:31 Castle Age
21:36 Bow Saw
33:21 Imperial Age
37:51 Chemistry
43:39 Ballistics
43:00 Heavy Scorpion
45:00 Wheelbarrow
45:15 Houfnice
46:22 Forging
46:35 Fortified Wall
48:37 Elite Hussite Wagon
49:23 Hussite Reforms
PsicoDelico
11:00 Feudal Age
11:29 Double-Bit Axe
11:45 Horse Collar
12:21 Gold Mining
14:29 Loom
17:35 Castle Age
18:49 Wheelbarrow
18:30 Bow Saw
18:32 Heavy Plow
18:27 Stone Mining
19:40 Hand Cart
19:27 Town Watch
23:32 Stone Shaft Mining
24:45 Town Patrol
27:16 Fortified Wall
27:16 Masonry
26:48 Treadmill Crane
27:29 Ballistics
27:05 Murder Holes
31:51 Imperial Age
30:25 Bloodlines
30:15 Husbandry
32:55 Fletching
33:15 Siege Engineers
33:47 Paper Money
35:06 Chatras
34:52 Elite Battle Elephant
35:47 Forging
36:31 Scale Barding Armor
36:22 Bodkin Arrow
38:38 Hoardings
37:24 Elite Rattan Archer
38:08 Bracer
38:44 Iron Casting
38:30 Chain Barding Armor
39:22 Padded Archer Armor
42:14 Plate Barding Armor
44:28 Arrowslits
46:27 Thumb Ring
47:27 Chemistry
SPILA HASHIMOTO
5:38 Loom
13:04 Feudal Age
15:24 Double-Bit Axe
20:40 Wheelbarrow
25:47 Castle Age
30:48 Crossbowman
31:47 Fortified Bastions
32:46 Horse Collar
33:23 Bow Saw
34:34 Padded Archer Armor
34:25 Fletching
34:45 Forging
34:36 Scale Mail Armor
34:42 Scale Barding Armor
34:39 Town Watch
36:30 Guard Tower
36:23 Treadmill Crane
36:51 Elite Skirmisher
40:00 Hand Cart
45:00 Imperial Age
43:09 Pikeman
43:34 Gambesons
43:50 Squires
43:36 Arson
47:35 Imperial Age
47:52 Chain Mail Armor
48:12 Iron Casting
Tayssa09
9:51 Feudal Age
16:08 Castle Age
15:37 Double-Bit Axe
15:36 Horse Collar
17:53 Fletching
25:57 Bodkin Arrow
26:33 Loom
28:50 Yeomen
32:40 Imperial Age
32:07 Padded Archer Armor
35:07 Elite Longbowman
42:51 Onager
Scott
10:45 Feudal Age
21:36 Castle Age
23:08 Wheelbarrow
22:19 Double-Bit Axe
22:29 Gold Mining
22:29 Stone Mining
22:23 Horse Collar
23:19 Bow Saw
23:12 Heavy Plow
24:45 Hand Cart
30:09 Gold Shaft Mining
38:25 Imperial Age
38:25 Elite Janissary
40:46 Two-Man Saw
Connection lost

Rejoining the realm…

Still unreachable

The connection could not be restored.

Session expired

The server has moved on; the page needs a fresh start.